 Dungeon Crawl Stone Soup version 0.31-a0-960-g0fca184906 (webtiles) character file.

Game seed: 4024849333237241632

407 BinkBink the Chopper (level 6, -2/39 HPs)
             Began as a Gargoyle Monk on Oct 23, 2023.
             Splashed by a jelly's acid (3 damage)
             ... on level 4 of the Dungeon.
             The game lasted 00:03:33 (2230 turns).

BinkBink the Chopper (Gargoyle Monk)                Turns: 2230, Time: 00:03:34

Health: -2/39      AC: -3    Str: 16    XL:     6   Next: 88%
Magic:  6/6        EV: 13    Int: 11    God:
Gold:   146        SH:  0    Dex: 12    Spells: 5/5 levels left

rFire   . . .        a - +0 hand axe
rCold   . . .        d - orb {light}
rNeg    + . .        b - +0 robe
rPois   ∞            (no helmet)
rElec   +            (no cloak)
rCorr   .            i - +1 pair of gloves
SInv    .            (no boots)
Will    .....        (no amulet)
Stlth   +            (no ring)
HPRegen 0.26/turn    (no ring)
MPRegen 0.10/turn

%: no passive effects
@: confused, ambrosia-drunk, corroded, glowing
A: sickness immunity, AC +4, negative energy resistance 1, electricity
resistance, torment resistance 1, petrification resistance
a: no special abilities


You were on level 4 of the Dungeon.
You visited 1 branch of the dungeon, and saw 4 of its levels.

You collected 146 gold pieces.

Inventory:

Hand Weapons
 a - a +0 hand axe (weapon)
Armour
 b - a +0 robe (worn)
 d - an orb of light (worn)
 i - a +1 pair of gloves (worn)
Jewellery
 o - a ring of protection from fire
Wands
 n - a wand of roots (4)
Scrolls
 e - 4 scrolls of identify {unknown}
 h - a scroll of amnesia {unknown}
 k - a scroll of enchant armour {unknown}
 m - a scroll of butterflies {unknown}
 p - a scroll of noise {unknown}
 q - a scroll of fear {unknown}
Potions
 f - a potion of heal wounds {unknown}
 g - 5 potions of curing {unknown}
 j - a potion of invisibility {unknown}
 l - a potion of mutation {unknown}


   Skills:
 + Level 4.7 Fighting
 * Level 4.8 Axes
 + Level 2.9 Armour
 + Level 3.4 Dodging


You had 5 spell levels left.
You didn't know any spells.
Your spell library contained the following spells:

 Spells                   Type           Power      Damage    Failure   Level
 Summon Guardian Golem    Hex/Summ       0%         N/A       71%         3
 Dispel Undead            Necr           0%         3d6       98%         4
 Death Channel            Necr           0%         N/A       100%        6
 Orb of Destruction       Conj           0%         9d5       100%        7
 Spellforged Servitor     Conj/Summ      0%         N/A       100%        7
 Cigotuvi's Dreadful Rot  Necr/Pois/Air  Unusable   N/A       N/A         2

Dungeon Overview and Level Annotations

Branches:
Dungeon (4/15)
 Temple: D:4-7

Altars:
Ashenzari
Kikubaaqudgha
Xom

Shops:
D:1 [

Annotations:
D:3 1 runed translucent door, Crazy Yiuf


Innate Abilities, Weirdness & Mutations

You are immune to sickness and miasma.
Your stone body is resilient. (AC +4)
You are immune to poison.
You resist negative energy. (rN+)
You are resistant to electric shocks. (rElec)
You are resistant to unholy torment.
You are immune to petrification.


Message History

The jelly attacks as it pursues you! The jelly hits you but does no damage.
There is an ancient bone altar of Kikubaaqudgha here.
The jelly attacks as it pursues you! The jelly hits you but does no damage.
Things that are here:
a +0 club; a +0 ring mail; an orc corpse The jelly attacks as it pursues you!
The jelly hits you but does no damage. The jelly attacks as it pursues you!
The jelly hits you.
You are splashed with acid!
You're too confused to move!
The jelly completely misses you.
You hit the jelly.
Your hands burn!
The jelly is severely wounded.
The jelly hits you but does no damage.
You're too confused to move!
You feel less invigorated.
You feel less confused. The jelly hits you but does no damage.
You hit the jelly.
Your hands burn!
The jelly is almost dead.
The jelly barely misses you.
You hit the jelly but do no damage. The acid corrodes you!
Your hands burn!
The jelly is almost dead.
The jelly completely misses you.
You hit the jelly but do no damage.
Your hands burn!
The jelly is almost dead.
The jelly hits you.
You are splashed with acid!
You hit the jelly but do no damage.
Your hands burn!
The jelly is almost dead.
The jelly hits you. The acid corrodes you!
You are splashed with acid!
* * * LOW HITPOINT WARNING * * *
You are confused.
You feel invigorated. The jelly hits you.
* * * LOW HITPOINT WARNING * * *
You are splashed with acid!
* * * LOW HITPOINT WARNING * * *
The jelly attacks as it pursues you! The jelly barely misses you.
You're too confused to move!
The jelly hits you.
* * * LOW HITPOINT WARNING * * *
You are splashed with acid!
* * * LOW HITPOINT WARNING * * *
You hit the jelly.
Your hands burn!
You die...

.... ##.## #...#
..###._)###.#
.............#
..######)##### .
.... #...### ..
...# #.J...# ...
#..# #.@.#.# ....
#..# #####.#
.....###..# #.#
..........# #.#
##†..## #.#
##.....## ##.#
##.......## ##..#
#.........####...##
+.........'.......#


You could see a jelly.

Vanquished Creatures
  Grinder (D:4)
  Natasha (thrice) (D:3)
  An iguana (D:4)
  4 adders
  2 worms
  A dart slug (D:2)
  2 orcs
  2 ball pythons
  7 bats
  8 endoplasms
  4 giant cockroaches
  10 goblins
  6 hobgoblins
  4 kobolds
  2 quokkas
  5 frilled lizards
  6 rats
68 creatures vanquished.

Notes
Turn   | Place    | Note
-------+----------+-------------------------------------------
     0 | D:1      | BinkBink the Gargoyle Monk began the quest for the Orb.
     0 | D:1      | Reached XP level 1. HP: 14/14 MP: 1/1
   104 | D:1      | Reached XP level 2. HP: 14/19 MP: 2/2
   226 | D:1      | Found Aprijigi's Antique Armour Shop.
   349 | D:1      | Reached skill level 1 in Armour
   362 | D:1      | Reached XP level 3. HP: 19/23 MP: 3/3
   870 | D:2      | Reached XP level 4. HP: 28/29 MP: 4/4
  1136 | D:3      | Found a broken altar of Ashenzari.
  1190 | D:3      | Noticed Natasha
  1201 | D:3      | Killed Natasha
  1271 | D:3      | Found a faded altar of an unknown god.
  1308 | D:3      | Noticed Natasha
  1323 | D:3      | Killed Natasha
  1324 | D:3      | Reached XP level 5. HP: 10/33 MP: 5/5
  1461 | D:3      | Noticed Natasha
  1472 | D:3      | Killed Natasha
  1631 | D:3      | Found a runed translucent door.
  1632 | D:3      | Noticed Crazy Yiuf
  1730 | D:3      | Found a shimmering altar of Xom.
  2038 | D:4      | Noticed Grinder
  2048 | D:4      | Paralysed by Grinder for 4 turns
  2062 | D:4      | Paralysed by Grinder for 2 turns
  2080 | D:4      | Killed Grinder
  2081 | D:4      | Reached XP level 6. HP: 37/39 MP: 6/6
  2194 | D:4      | Found an ancient bone altar of Kikubaaqudgha.
  2229 | D:4      | HP: 1/39 [acid (9)]
  2230 | D:4      | Splashed by a jelly's acid

Illustrated notes

Levels and vault maps discovered:
D:1:      lightli_arrival_lavapool, layout_rooms, serial_shops,
          nicolae_shop_peninsula
D:2:      layout_loops_ring
D:3:      minmay_spotlight, layout_loops_ring, nicolae_overflow_crystal_walls,
          mainiacjoe_overflow_paths, dreamdust_ecumenical_altar_statues,
          uniq_crazy_yiuf_cottage, uniq_natasha
D:4:      layout_loops_corners, vehumet_crystals,
          mainiacjoe_overflow_large_starburst, marbit_many_paths, temple_pool_b,
          serial_shops, shop_statue, kennysheep_nub, uniq_grinder

Skill      XL: |  1  2  3  4  5 |
---------------+----------------+-----
Axes           | 3 4 |  4.8
Armour         | 1 2 |  2.9
Fighting       | 4 |  4.7
Dodging        | 3 |  3.4

Action                     |  1- 3 |  4- 6 || total
---------------------------+-------+-------++-------
  Melee: Hand axe          |    89 |   145 ||   234
    Use: Potion            |       |     3 ||     3
 Armour: Robe              |    49 |    84 ||   133
  Dodge: Dodged            |    46 |    77 ||   123

Table legend: (Time is in decaauts)
 A = Elapsed time spent in this place.
 B = Non-inter-level travel time spent in this place.
 C = Inter-level travel time spent in this place.
 D = Time resting spent in this place.
 E = Time spent auto-exploring this place.
 F = Levels seen in this place.
 G = Mean time per level.
                   A        B        C        D        E       F      G
               +--------+--------+--------+--------+--------+-----+--------+
         Total |   2256 |   2147 |    109 |     92 |   1542 |   4 |  564.0 |
       Dungeon |   2256 |   2147 |    109 |     92 |   1542 |   4 |  564.0 |
               +--------+--------+--------+--------+--------+-----+--------+

Top non-repeatable levels by time:
     D:3: 901 daAuts
     D:2: 651 daAuts
     D:1: 491 daAuts
     D:4: 211 daAuts
